 Dungeon Crawl Stone Soup version 0.31.0-12-g77e489cdc1 (webtiles) character file.

Game seed: 3516522422462026218

5988 spaghetti the Fighter (level 10, -7/65 (77) HPs)
             Began as a Demonspawn Brigand on Feb 16, 2024.
             Was a Believer of Hepliaklqana.
             Mangled by an orc
             ... wielding a +0 trident
              (9 damage)
             ... in a bailey.
             The game lasted 00:14:56 (8228 turns).

spaghetti the Fighter (Demonspawn Brigand)          Turns: 8228, Time: 00:14:57

HP:   -7/65 (77)    AC:  4    Str: 13    XL:     10   Next: 55%
MP:   10/10         EV: 16    Int: 11    God:    Hepliaklqana [**....]
Gold: 345           SH:  4    Dex: 18    Spells: 9/9 levels left

rFire   + . .        i - +3 short sword (vamp)
rCold   . . .        (no shield)
rNeg    . . .        k - +0 troll leather armour
rPois   .            (no helmet)
rElec   .            (cloak unavailable)
rCorr   .            h - +0 pair of gloves
SInv    .            (no boots)
Will    +....        (no amulet)
Stlth   ++++         e - ring of protection from fire
HPRegen 1.10/turn    x - ring of wizardry
MPRegen 0.12/turn

%: wizardry (x1)
@: mighty, agile, heavily drained
A: reduced essence, powered by pain 3, condensation shield, demonic willpower,
weakness stinger 3
a: Renounce Religion, Recall Ancestor, Ancestor Identity


You were in a bailey.
You worshipped Hepliaklqana.
Hepliaklqana was pleased with you.
You visited 2 branches of the dungeon, and saw 10 of its levels.
You also visited: Bailey.

You collected 459 gold pieces.
You spent 114 gold pieces at shops.

Inventory:

Hand Weapons
 a - a +2 dagger of flaming
 i - a +3 vampiric short sword (weapon)
Missiles
 d - 33 poisoned darts
 o - 2 curare-tipped darts
Armour
 b - a +0 robe
 c - a +0 cloak
 h - a +0 pair of gloves (worn)
 k - a +0 troll leather armour (worn)
Jewellery
 e - a ring of protection from fire (left hand)
 j - a ring of poison resistance
 w - an amulet of reflection
 x - a ring of wizardry (right hand)
Wands
 n - a wand of polymorph (12)
 p - a wand of roots (12)
Scrolls
 f - 5 scrolls of fog
 g - 2 scrolls of revelation
 l - 3 scrolls of noise
 m - a scroll of brand weapon
 r - a scroll of identify
 s - a scroll of poison
 t - 2 scrolls of amnesia
 u - a scroll of acquirement
 v - a scroll of enchant weapon
Potions
 z - a potion of mutation {unknown}


   Skills:
 * Level 10.9 Fighting
 + Level 7.9 Short Blades
 - Level 1.7 Throwing
 - Level 0.8 Dodging
 + Level 9.2 Stealth


You had 9 spell levels left.
You didn't know any spells.
Your spell library contained the following spells:

 Spells                   Type           Power      Damage    Failure   Level
 Dazzling Flash           Conj/Hex       0%         N/A       45%         3
 Mephitic Cloud           Conj/Alch/Air  0%         N/A       45%         3
 Curse of Agony           Necr           0%         N/A       99%         5
 Silence                  Hex/Air        0%         N/A       99%         5


Dungeon Overview and Level Annotations

Branches:
Dungeon (9/15)             Temple (1/1) D:5            Lair (0/5) D:8
 Bailey (1/1)
    Orc: D:9-12

Altars:
Ashenzari
Cheibriados
Dithmenos
Fedhas
Gozag
Hepliaklqana
Kikubaaqudgha
Makhleb
Nemelex Xobeh
Okawaru
Qazlal
Ru
Sif Muna
Trog
Uskayaw
Vehumet
Wu Jian
Xom
Yredelemnul

Shops:
D:1 *   D:2 (   D:3 ?   D:4 (


Innate Abilities, Weirdness & Mutations

Your life essence is reduced to manifest your ancestor. (-10% HP)
You are powered by pain.
A meltable shield of frost defends you. (SH +4)
You punish those that try to bend your will. (Will+)
You have a sharp stinger which inflicts weakening toxins.


Message History

The gnoll attacks as it pursues you!
The gnoll hits you from afar with a +0 halberd of draining.
* * * LOW HITPOINT WARNING * * *
You feel drained.
* * * LOW HITPOINT WARNING * * *
You block the orc knight's attack.
Unknown command.
Aiming: Fastroot
Press: ? - help, Shift-Dir - straight line, f - orc knight
Aim: an orc knight, wielding a +0 halberd (lightly wounded)
The roots erupt in riotous growth!
Roots grab the orc knight.
Roots grab the gnoll.
The grasping roots constrict the orc knight.
The grasping roots constrict the gnoll.
You hear a shout! x2
An orc opens the door. x2
The orc knight roars a battlecry!
The orcs go into a battle-frenzy!
The gnoll misses you.
The gnoll hits you from afar with a +2 halberd of electrocution.
* * * LOW HITPOINT WARNING * * *
Unknown command.
Okay, then.
Okay, then.
Press: ? - help, v - describe, . - travel The floor.
The grasping roots constrict the orc knight!
The grasping roots constrict the gnoll.
The roots release their grip on the orc knight.
The roots release their grip on the gnoll.
You see here a potion of resistance.
You open the door.
The orc knight hits you from afar with a +0 halberd!
* * * LOW HITPOINT WARNING * * *
You focus on the pain.
You feel agile all of a sudden. The gnoll closely misses you.
The gnoll misses you.
Unknown command.
The orc hits you from afar with a +0 trident!
You die...

### ### #####
#)###)###.')##
##'##'##'###'##+##+
##.....## ##!.!.!#
###.....#####.!.!.###
#)'..⌠..')#.'!ogg!'.#
###.....### #o!.!o#
##.....## #!.!.!#
##'##'##'###+##@##+
#)###.###.#.# #.# #'#
### ##### ### ###
#.## ##)#)###)###)#
##'##+##'###'##'##'##
##.....## ##.....##
###.....### #.....###
#.'..⌠..')# +..∩..')#
###.....### #.....###


You could see an orc knight, 2 gnolls and 2 orcs.

Vanquished Creatures
  2 kobold demonologists (D:9)
  A troll (D:5)
  Grinder (D:6)
  3 yaks (D:9)
  A steam dragon (D:8)
  Duvessa (D:5)
  An ice beast (D:5)
  An orc warrior (D:8)
  3 black bears (D:5)
  3 ogres (D:5)
  2 wolves (D:8)
  A phantom (D:5)
  2 centaurs
  4 kobold brigands
  Blork the orc (D:5)
  A bullfrog (D:8)
  5 scorpions
  4 wights (D:8)
  Dowan (D:5)
  A howler monkey (D:8)
  2 bombardier beetles
  A gnoll bouda (D:8)
  2 hounds
  4 orc priests
  4 iguanas
  4 sleepcaps
  7 orc wizards
  Natasha (twice) (D:3)
  14 adders
  10 gnolls
  3 white imps
  3 ufetubi (D:5)
  5 dart slugs
  45 orcs
  6 endoplasms
  3 giant cockroaches
  6 goblins
  6 hobgoblins
  4 jackals (D:1)
  20 kobolds
  4 quokkas
  7 ball pythons
  A bat (D:1)
  3 frilled lizards
  6 rats
211 creatures vanquished.

Vanquished Creatures (collateral kills)
  Joseph (D:7)
  A troll (D:9)
  2 yaks (D:9)
  A wraith (D:9)
  A steam dragon (D:8)
  A centaur (D:6)
  An orc wizard (D:6)
8 creatures vanquished.

Vanquished Creatures (others)
  2 ancestors
  2 hexers
4 creatures vanquished.

Grand Total: 223 creatures vanquished

Notes
Turn   | Place    | Note
-------+----------+-------------------------------------------
     0 | D:1      | spaghetti the Demonspawn Brigand began the quest for the
                  | Orb.
     0 | D:1      | Reached XP level 1. HP: 16/16 MP: 1/1
   167 | D:1      | Gained mutation: You sometimes gain a little power by
                  | taking damage. [demonic ancestry]
   167 | D:1      | Reached XP level 2. HP: 21/22 MP: 2/2
   255 | D:1      | Found Axzechus's General Store.
   651 | D:2      | Gained mutation: You sometimes gain power by taking damage.
                  | [demonic ancestry]
   651 | D:2      | Reached XP level 3. HP: 28/28 MP: 3/3
   723 | D:2      | Found Kunkoll's Weapon Shop.
   757 | D:2      | Found a hide-covered altar of Uskayaw.
   964 | D:2      | Reached skill level 3 in Fighting
   964 | D:2      | Gained mutation: You have a small tail. [demonic ancestry]
   964 | D:2      | Reached XP level 4. HP: 21/35 MP: 4/4
  1468 | D:3      | Found a shimmering blue altar of Sif Muna.
  1513 | D:3      | Noticed Natasha
  1531 | D:3      | Killed Natasha
  1728 | D:3      | Found Zetumol's Magic Scroll Shop.
  1753 | D:3      | Reached XP level 5. HP: 17/41 MP: 5/5
  1763 | D:3      | Noticed Natasha
  1802 | D:3      | Killed Natasha
  1921 | D:3      | Found an ornate altar of the Wu Jian Council.
  2258 | D:4      | Found a stormy altar of Qazlal.
  2701 | D:4      | Reached skill level 4 in Fighting
  2701 | D:4      | Reached skill level 5 in Stealth
  2701 | D:4      | Gained mutation: A meltable shield of frost defends you.
                  | (SH +4) [demonic ancestry]
  2701 | D:4      | Reached XP level 6. HP: 36/48 MP: 6/6
  3160 | D:4      | Found Yreothe's Antique Weapon Shop.
  3164 | D:4      | Bought a glowing short sword for 114 gold pieces
  3289 | D:5      | Entered Level 5 of the Dungeon
  3426 | D:5      | Noticed Duvessa
  3442 | D:5      | Killed Duvessa
  3442 | D:5      | Noticed Dowan
  3623 | D:5      | Found a staircase to the Ecumenical Temple.
  3704 | D:5      | Gained mutation: You have a tail ending in a sharp stinger.
                  | [demonic ancestry]
  3704 | D:5      | Reached XP level 7. HP: 47/55 MP: 7/7
  3735 | Temple   | Entered the Ecumenical Temple
  3740 | Temple   | Became a worshipper of Hepliaklqana the Forgotten
  3785 | D:5      | Killed Dowan
  4157 | D:5      | Reached skill level 5 in Fighting
  4521 | D:5      | Found a bloodstained altar of Trog.
  4661 | D:5      | Noticed Blork the orc
  4693 | D:5      | Reached skill level 5 in Short Blades
  4703 | D:5      | Gained mutation: You have a sharp stinger which inflicts
                  | weakening toxins. [demonic ancestry]
  4703 | D:5      | Reached XP level 8. HP: 48/64 MP: 8/8
  4710 | D:5      | Noticed a troll
  4714 | D:5      | HP: 2/64 [iguana (5)]
  4723 | D:5      | Reached skill level 6 in Fighting
  4896 | D:5      | HP: 1/64 [troll (4)]
  4905 | D:5      | Killed a troll
  4906 | D:5      | HP: 1/65 [centaur/arrow (8)]
  5186 | D:5      | Reached skill level 7 in Fighting
  5233 | D:5      | Killed Blork the orc
  5447 | D:5      | Gained mutation: You are powered by pain. [demonic
                  | ancestry]
  5447 | D:5      | Reached XP level 9. HP: 73/73 MP: 9/9
  5667 | D:6      | Reached skill level 8 in Fighting
  5711 | D:6      | Reached * piety under Hepliaklqana
  5889 | D:6      | Found a sparkling altar of Nemelex Xobeh.
  6241 | D:6      | Noticed Grinder
  6258 | D:6      | Killed Grinder
  6480 | D:7      | Noticed Joseph
  6493 | D:7      | Killed Joseph
  6714 | D:7      | Noticed a two-headed ogre
  6795 | D:8      | Reached skill level 9 in Fighting
  6990 | D:8      | Reached ** piety under Hepliaklqana
  6991 | D:8      | Remembered your ancestor Cenhelm as a hexer
  7119 | D:8      | Found a staircase to the Lair.
  7221 | D:8      | Gained mutation: You punish those that try to bend your
                  | will. (Will+) [demonic ancestry]
  7221 | D:8      | Reached XP level 10. HP: 68/75 MP: 10/10
  7458 | D:9      | Reached skill level 10 in Fighting
  7504 | D:9      | Identified the +2 robe of Somewhere Else {Archmagi}
  7932 | D:9      | Found a flagged portal.
  8014 | Bailey   | Entered a bailey
  8211 | Bailey   | Noticed an orc knight
  8227 | Bailey   | HP: 1/65 [orc knight/+0 halberd (12)]
  8228 | Bailey   | Mangled by an orc

Illustrated notes

Levels and vault maps discovered:
D:1:      dpeg_arrival_tiny_d, layout_rooms, serial_shops, shop
D:2:      layout_rooms, serial_shops, nicolae_square_shop, serial_forest,
          infiniplex_forest_side_room, infiniplex_forest_clump_diagonal,
          infiniplex_forest_lined_3, infiniplex_forest_end_1,
          infiniplex_forest_corner_2, infiniplex_forest_clump_curved,
          infiniplex_forest_lined_corner, basic_altar
D:3:      layout_rooms, nzn_wu_jian_council_hall, led_sif_pool,
          elyvilon_altar_1, serial_shops, nicolae_shop_crystal, minivault_19,
          hangedman_feature_mirror, kennysheep_generic_room_12, uniq_natasha
D:4:      layout_basic, mainiacjoe_overflow_cross_hatched, serial_shops,
          nicolae_shop_back_alley_shop
D:5:      kennysheep_windowed_halls, layout_loops_cross,
          trog_three_pillars_becter, minmay_temple_entry_overgrown,
          uniq_blork_the_orc, uniq_duvessa
D:6:      layout_gridville, nemelex_spade_bored_becter, uniq_grinder
D:7:      layout_basic, kennysheep_generic_room_2, uniq_joseph
D:8:      layout_loops_ring, erik_lair_orcish_takeover, minivault_11
D:9:      layout_basic, enter_bailey_2, nicolae_diode_quadrants
Temple:   minmay_freezing_vapour_temple
Bailey:   bailey_polearm_nasty_gnolls, bailey

Skill      XL: |  1  2  3  4  5  6  7  8  9 10 |
---------------+-------------------------------+-----
Short Blades   | 2 3 4 5 6 7 |  7.9
Stealth        | 4 5 6 7 8 9 |  9.2
Fighting       | 3 4 5 7 9 10 | 10.9
Throwing       | |  1.7
Dodging        | |  0.8

Action                     |  1- 3 |  4- 6 |  7- 9 | 10-12 || total
---------------------------+-------+-------+-------+-------++-------
  Melee: Dagger            |    98 |   119 |       |       ||   217
         Punch             |     1 |       |     5 |     3 ||     9
         Tailslap          |       |    19 |    74 |    29 ||   122
         Short sword       |       |    43 |   458 |   184 ||   685
         Unarmed           |       |       |     9 |       ||     9
  Throw: Dart              |     9 |    16 |     9 |     6 ||    40
         Throwing net      |       |     1 |     2 |       ||     3
 Invoke: Ancestor Life: He |       |       |     1 |       ||     1
  Evoke: Wand              |       |       |     6 |     1 ||     7
    Use: Scroll            |     3 |     8 |     5 |     3 ||    19
         Potion            |       |     5 |    10 |     3 ||    18
   Stab: Sleeping          |     8 |     7 |     4 |    10 ||    29
         Held in net/web   |       |     1 |     1 |       ||     2
         Confused          |       |       |     1 |     4 ||     5
         Distracted        |       |       |       |     3 ||     3
 Armour: Robe              |    66 |    91 |   130 |       ||   287
         Troll leather arm |       |       |   147 |    95 ||   242
         Skin              |       |       |     2 |       ||     2
  Dodge: Dodged            |    66 |    84 |   211 |    87 ||   448
  Block: Other             |       |     5 |    56 |    16 ||    77
